 Dungeon Crawl Stone Soup version 0.28-a0-1395-g4f6bc678fa (webtiles) character file.

Game seed: 16454125920345752481

3736 frimble the Cutter (level 9, -7/168 HPs)
             Began as a Demonspawn Warper on Jan 5, 2022.
             Was a Believer of Cheibriados.
             Mangled by a large slime creature (20 damage)
             ... on level 9 of the Dungeon.
             The game lasted 00:08:43 (7750 turns).

frimble the Cutter (Demonspawn Warper)              Turns: 7750, Time: 00:08:43

Health: -7/168     AC: 24    Str: 18    XL:     9   Next: 93%
Magic:  12/12      EV:  2    Int: 25    God:    Cheibriados [**....]
Gold:   279        SH:  0    Dex: 18    Spells: 10/12 levels left

rFire   . . .      SeeInvis .   g - +1 dagger (elec)
rCold   . . .      Faith    .   (no shield)
rNeg    + . .      Spirit   .   (armour currently unavailable)
rPois   +          Reflect  .   (helmet currently unavailable)
rElec   .          Harm     .   (cloak currently unavailable)
rCorr   .          Rampage  .   (gloves currently unavailable)
Will    .....      NoTele   +   (boots currently unavailable)
Stlth   ..........              u - amulet of regeneration
HPRegen 1.18/turn               t - ring of positive energy
MPRegen 0.13/turn               (no ring)

@: berserking (expiring), tree-form, very slow
A: stationary, stasis, torment immunity, boosted hp, rugged brown scales 2, foul
stench 1, (spiny 2)
a: Renounce Religion, Bend Time


You were on level 9 of the Dungeon.
You worshipped Cheibriados.
Cheibriados was pleased with you.
You were a tree.
You visited 1 branch of the dungeon, and saw 9 of its levels.

You collected 279 gold pieces.

Inventory:

Hand Weapons
 g - a +1 dagger of electrocution (weapon)
Missiles
 a - 5 silver boomerangs (quivered)
 d - 5 boomerangs of dispersal
 k - 3 boomerangs
 l - 4 poisoned darts
 m - 5 javelins
Armour
 n - a +2 leather armour of cold resistance (melded)
Jewellery
 t - a ring of positive energy (left branch)
 u - an amulet of regeneration (around neck)
 z - a ring of willpower
Wands
 i - a wand of flame (20)
 s - a wand of digging (1)
 w - a wand of mindburst (9)
Scrolls
 b - a scroll of magic mapping
 c - a scroll of blinking
 A - a scroll of vulnerability
Potions
 e - 4 potions of magic
 f - 2 potions of brilliance
 h - a potion of attraction
 o - 2 potions of heal wounds
 p - 2 potions of curing
 q - 2 potions of mutation
 r - a potion of berserk rage
 v - a potion of haste


   Skills:
 + Level 7.4 Fighting
 + Level 7.7 Short Blades
 + Level 4.7 Throwing
 - Level 1.0 Armour
 - Level 4.0 Dodging
 - Level 6.1 Stealth
 - Level 2.0 Spellcasting
 - Level 2.7 Translocations


You had 10 spell levels left.
You knew the following spells:

 Your Spells              Type           Power      Damage    Failure   Level
a - Blink                 Tloc           32%        N/A       5%          2

Your spell library contained the following spells:

 Spells                   Type           Power      Damage    Failure   Level
 Shock                    Conj/Air       8%         1d3       11%         1
 Gell's Gravitas          Tloc           16%        N/A       11%         3
 Lesser Beckoning         Tloc           16%        N/A       11%         3
 Teleport Other           Tloc           16%        N/A       11%         3
 Inner Flame              Hex/Fire       2%         N/A       32%         3
 Manifold Assault         Tloc           16%        N/A       69%         5
 Hailstorm                Conj/Ice       2%         3d3       73%         4
 Sticky Flame             Conj/Fire      2%         2d3       73%         4


Dungeon Overview and Level Annotations

Branches:
Dungeon (9/15)             Temple (0/1) D:7            Lair (0/6) D:8
    Orc: D:9-12

Altars:
Ashenzari
Cheibriados
Fedhas
Gozag
Kikubaaqudgha
Okawaru
Qazlal
Vehumet
Xom
Yredelemnul

Shops:
D:5 *

Annotations:
D:7 exclusion: manticore


Innate Abilities, Weirdness & Mutations

You are a tree.
Your roots penetrate the ground, keeping you stationary.
You cannot be teleported.
You are immune to unholy pain and torment.
Your maximum health is greatly increased.
Your equipment is partially melded.
(You are mostly covered in rugged brown scales. (AC +2, +5% HP))
You may rarely emit foul miasma when damaged in melee.
((You are mostly covered in sharp spines.))


Message History

The slime creature completely misses you.
The slime creature hits you but does no damage.
The large slime creature hits you but does no damage.
The slime creature hits you!
* * * LOW HITPOINT WARNING * * *
You puncture the large slime creature!
The large slime creature is moderately wounded.
You hit the large slime creature.
The large slime creature is moderately wounded.
The slime creature hits you but does no damage. x2
The large slime creature hits you but does no damage.
The slime creature hits you!
* * * LOW HITPOINT WARNING * * *
You puncture the large slime creature!
Lightning courses through the large slime creature!
The large slime creature is heavily wounded.
You puncture the large slime creature!
The large slime creature is heavily wounded.
The slime creature hits you but does no damage.
The slime creature hits you.
* * * LOW HITPOINT WARNING * * *
The large slime creature hits you but does no damage.
The slime creature hits you.
* * * LOW HITPOINT WARNING * * *
You barely miss the large slime creature.
The large slime creature is heavily wounded.
The slime creature hits you!
* * * LOW HITPOINT WARNING * * *
The slime creature hits you but does no damage.
The slime creature barely misses you. The large slime creature hits you!
* * * LOW HITPOINT WARNING * * *
You puncture the large slime creature!
Lightning courses through the large slime creature!
The large slime creature is severely wounded.
You hit the large slime creature.
Lightning courses through the large slime creature!
The large slime creature is almost dead.
The slime creature hits you but does no damage. x2
The large slime creature hits you!!
You die... .J.. #.......# J.o

#.......# ..
+....#### .
#....#
#....####
#.......#
#.......#
.#####.JJJ...#
........♣J...#
.............#
.#######..####
#..# #..# #..#
#..#
.#########..#
............#


You could see a large slime creature and 3 slime creatures.

Vanquished Creatures
  An ugly thing (D:7)
  A wraith (D:5)
  6 yaks (D:8)
  Menkaure (D:5)
  An acid dragon (D:9)
  A water moccasin (D:7)
  An orc warrior (D:7)
  3 sky beasts
  2 ice beasts
  A black bear (D:4)
  3 centaurs
  A bullfrog (D:8)
  4 scorpions
  2 vampire bats (D:7)
  A crimson imp (D:5)
  A centaur zombie (D:5)
  4 hounds
  2 orc priests
  A jelly (D:5)
  Terence (D:2)
  3 iguanas
  2 orc wizards (D:7)
  3 killer bee zombies
  2 hound skeletons (D:4)
  A howler monkey zombie (D:9)
  4 gnolls
  7 adders
  A white imp (D:5)
  An adder skeleton (D:4)
  A worm (D:2)
  4 dart slugs
  11 orcs
  11 ball pythons
  4 bats
  4 bat skeletons (D:7)
  A bat zombie (D:7)
  5 endoplasms
  6 goblins
  5 hobgoblins (D:1)
  12 kobolds
  2 quokkas
  4 frilled lizards
  A rat (D:2)
133 creatures vanquished.

Vanquished Creatures (others)
  A kobold (D:8)
1 creature vanquished.

Grand Total: 134 creatures vanquished

Notes
Turn   | Place    | Note
-------+----------+-------------------------------------------
     0 | D:1      | frimble the Demonspawn Warper began the quest for the Orb.
     0 | D:1      | Reached XP level 1. HP: 16/16 MP: 3/3
    71 | D:1      | Reached skill level 1 in Armour
    79 | D:1      | Reached skill level 1 in Throwing
   262 | D:1      | Gained mutation: You are partially covered in sharp spines.
                  | [demonic ancestry]
   262 | D:1      | Reached XP level 2. HP: 20/22 MP: 5/5
   502 | D:1      | Found a faded altar of an unknown god.
   705 | D:1      | Reached XP level 3. HP: 15/27 MP: 6/6
   846 | D:1      | Learned a level 2 spell: Blink
  1114 | D:2      | Identified the +5 ring mail of Saifisoc {Harm rN+ Will++
                  | Slay-6}
  1430 | D:2      | Noticed Terence
  1630 | D:2      | Killed Terence
  1631 | D:2      | Reached skill level 1 in Stealth
  1631 | D:2      | Reached XP level 4. HP: 18/33 MP: 7/7
  1968 | D:2      | Found an iron altar of Okawaru.
  2817 | D:3      | Found a stormy altar of Qazlal.
  2895 | D:3      | Found a shimmering altar of Xom.
  3115 | D:4      | Gained mutation: You are mostly covered in sharp spines.
                  | [demonic ancestry]
  3115 | D:4      | Reached XP level 5. HP: 38/38 MP: 8/8
  3143 | D:4      | You fall into a shaft and drop 1 floor!
  3143 | D:5      | Entered Level 5 of the Dungeon
  3555 | D:4      | Gained mutation: You are partially covered in rugged brown
                  | scales. (AC +1, +3% HP) [demonic ancestry]
  3555 | D:4      | Reached XP level 6. HP: 36/45 MP: 9/9
  4023 | D:4      | Found a basalt altar of Yredelemnul.
  4036 | D:4      | Found a blossoming altar of Fedhas.
  4048 | D:4      | Found an opulent altar of Gozag.
  4048 | D:4      | Found a broken altar of Ashenzari.
  4048 | D:4      | Found a snail-covered altar of Cheibriados.
  4048 | D:4      | Found a radiant altar of Vehumet.
  4087 | D:4      | Became a worshipper of Cheibriados the Contemplative
  4371 | D:5      | Reached XP level 7. HP: 38/51 MP: 10/10
  4912 | D:5      | Found Ioifaohe's Incredible Inventory.
  4912 | D:5      | Noticed Menkaure
  4917 | D:5      | Killed Menkaure
  5463 | D:5      | Noticed a wraith
  5471 | D:5      | Killed a wraith
  5472 | D:5      | Reached skill level 5 in Short Blades
  5472 | D:5      | Gained mutation: You may rarely emit foul miasma when
                  | damaged in melee. [demonic ancestry]
  5472 | D:5      | Reached XP level 8. HP: 53/61 MP: 11/11
  5833 | D:6      | Reached skill level 5 in Stealth
  5935 | D:6      | Reached * piety under Cheibriados
  6283 | D:6      | Found an iron altar of Okawaru.
  6570 | D:7      | Reached skill level 5 in Fighting
  7007 | D:7      | Found a staircase to the Ecumenical Temple.
  7016 | D:7      | Gained mutation: You are mostly covered in rugged brown
                  | scales. (AC +2, +5% HP) [demonic ancestry]
  7016 | D:7      | Reached XP level 9. HP: 65/72 MP: 12/12
  7134 | D:7      | Noticed a cyan ugly thing
  7142 | D:7      | Killed a cyan ugly thing
  7154 | D:7      | Reached ** piety under Cheibriados
  7188 | D:7      | Noticed a manticore
  7274 | D:7      | Found an ancient bone altar of Kikubaaqudgha.
  7288 | D:7      | Got Sif Muna's Collected Works on Igneous Battle Magic
  7449 | D:8      | Noticed a troll
  7750 | D:9      | Mangled by a large slime creature

Illustrated notes

Levels and vault maps discovered:
D:1:      saegor_arrival_under_anarchy, layout_basic,
          shapermc_ecumenical_altar_totnotflames, serial_curves, eino_curves_03,
          eino_curves_03, minmay_indecisive_spiral
D:2:      layout_basic, basic_altar, amcnicky_mini_rare_corridor_liquid,
          lightli_corner_chamber, uniq_terence
D:3:      layout_basic, xom_teletrap_fun, nicolae_qazlal_general_emergency
D:4:      layout_basic, minitemple
D:5:      minmay_angry_zag, layout_basic, nicolae_alphabet_shops,
          minmay_fire_ice_demons, uniq_menkaure
D:6:      layout_gridville, kennysheep_okawaru_gauntlet
D:7:      minmay_cornered_nines, layout_loops_ring, kennysheep_vampire_church,
          minmay_temple_entry_waves, st_stairs_8
D:8:      minmay_statue_hallways, layout_loops_ring,
          worldfamousw_hep_ancestral_shrine, lemuel_tele_altar,
          erik_lair_island, kennysheep_generic_room_8
D:9:      layout_irregular_city, uniq_pikel

Skill      XL: |  1  2  3  4  5  6  7  8  9 |
---------------+----------------------------+-----
Armour         | 1 |  1.0
Throwing       | 1 2 4 |  4.7
Short Blades   | 2 3 4 5 6 7 |  7.7
Dodging        | 2 3 4 |  4.0
Stealth        | 1 2 3 4 6 |  6.1
Fighting       | 4 5 7 |  7.4
Spellcasting   | |  2.0
Translocations | |  2.7

Action                   |  1- 3 |  4- 6 |  7- 9 || total
-------------------------+-------+-------+-------++-------
Melee: Short sword       |    31 |       |       ||    31
       Dagger            |    51 |    86 |   167 ||   304
Throw: Boomerang         |     1 |       |    14 ||    15
       Dart              |       |    11 |    32 ||    43
       Javelin           |       |       |     5 ||     5
 Cast: Blink             |       |     2 |     4 ||     6
Evoke: Wand              |       |       |     3 ||     3
  Use: Scroll            |     1 |     1 |    18 ||    20
       Potion            |       |       |     2 ||     2
 Stab: Sleeping          |     1 |     2 |     5 ||     8
Armor: Leather armour    |    11 |    20 |    41 ||    72
       Skin              |       |       |    13 ||    13
Dodge: Dodged            |    44 |    34 |    88 ||   166

Table legend: (Time is in decaauts)
 A = Elapsed time spent in this place.
 B = Non-inter-level travel time spent in this place.
 C = Inter-level travel time spent in this place.
 D = Time resting spent in this place.
 E = Time spent auto-exploring this place.
 F = Levels seen in this place.
 G = Mean time per level.
                   A        B        C        D        E       F      G
               +--------+--------+--------+--------+--------+-----+--------+
         Total |   8550 |   8154 |    396 |    293 |   6715 |   9 |  950.0 |
       Dungeon |   8550 |   8154 |    396 |    293 |   6715 |   9 |  950.0 |
               +--------+--------+--------+--------+--------+-----+--------+

Top non-repeatable levels by time:
     D:5: 2117 daAuts
     D:1: 1261 daAuts
     D:7: 1158 daAuts
     D:2: 1145 daAuts
     D:4: 933 daAuts
     D:6: 831 daAuts
     D:3: 694 daAuts
     D:9: 210 daAuts
     D:8: 197 daAuts
